General information
- name: BNet
- type: Ladder 1vs1/FFA
- host: Battle.net
- saver: NST.reltub
map: LostTemple
- players: 2
- length: 42:35
- speed: Fast
- version: 1.26 W3XP
- replay type: Public
» download(121 KB)
Players
team 1 (winner)
NST.reltub (
green | 64 APM | 2731 actions | 42:35)
7 Archmage
3 Blizzard
3 Brilliance Aura
1 Mass Teleport
6 Blood Mage
3 Flame Strike
2 Siphon Mana
1 Summon Phoenix
3 Mountain King
2 Storm Bolt
1 Thunder Clap
» actions
| Assign group hotkey | 52 | |
| Basic commands | 60 | |
| Build / train | 159 | |
| ESC pressed | 2 | |
| Enter build submenu | 64 | |
| Enter hero's abilities submenu | 16 | |
| Give item / drop item | 7 | |
| Right click | 923 | |
| Select / deselect | 703 | |
| Select group hotkey | 325 | |
| Use ability | 420 | |
2731 total
» units
| Peasant | 20 | |
| Goblin Shredder | 1 | |
| Mortar Team | 4 | |
| Goblin Zeppelin | 6 | |
| Sorceress | 2 | |
| Priest | 1 | |
| Dragonhawk Rider | 2 | |
| Flying Machine | 2 | |
38 total
» upgrades
| Masonry | 3 | |
| Gunpowder | 3 | |
| Sorceress Training | 2 | |
| Fragmentation Shards | 1 | |
| Flare | 1 | |
| Magic Sentry | 2 | |
| Flak Cannons | 1 | |
| Flying Machine Bombs | 1 | |
| Armor | 3 | |
| Cloud | 1 | |
| Storm Hammers | 1 | |
| Swords | 3 | |
| Priest Training | 2 | |
| Animal War Training | 1 | |
| Barrage | 1 | |
| Plating | 3 | |
| Lumber Harvesting | 1 | |
30 total
» buildings
| Altar of Kings | 1 | |
| Farm | 9 | |
| Arcane Vault | 2 | |
| Lumber Mill | 2 | |
| Scout Tower | 50 | |
| Arcane Tower | 9 | |
| Guard Tower | 17 | |
| Town Hall | 4 | |
| Keep | 2 | |
| Blacksmith | 3 | |
| Castle | 1 | |
| Arcane Sanctum | 2 | |
| Workshop | 5 | |
| Gryphon Aviary | 3 | |
| Barracks | 1 | |
111 total
» build order
00:05 Altar of Kings
00:31 Farm
00:52 Farm
01:03 Arcane Vault
01:14 Lumber Mill
01:26 Scout Tower
02:18 Scout Tower
02:39 Arcane Tower
02:55 Arcane Tower
03:09 Scout Tower
03:31 Scout Tower
03:31 Scout Tower
03:36 Farm
03:51 Scout Tower
03:52 Scout Tower
03:58 Scout Tower
03:59 Scout Tower
04:00 Guard Tower
04:15 Guard Tower
04:22 Scout Tower
04:38 Guard Tower
04:41 Scout Tower
04:47 Guard Tower
04:54 Guard Tower
05:22 Town Hall
05:31 Guard Tower
05:43 Guard Tower
06:10 Scout Tower
06:11 Scout Tower
06:14 Scout Tower
06:23 Scout Tower
06:23 Scout Tower
06:24 Guard Tower
06:46 Keep
06:46 Keep
06:49 Arcane Tower
06:55 Guard Tower
07:08 Scout Tower
07:09 Scout Tower
07:10 Guard Tower
07:14 Scout Tower
07:20 Scout Tower
07:21 Scout Tower
07:40 Farm
07:43 Farm
07:44 Farm
07:49 Arcane Tower
08:01 Guard Tower
08:04 Scout Tower
08:21 Blacksmith
08:21 Blacksmith
08:25 Blacksmith
09:19 Guard Tower
09:25 Castle
09:27 Arcane Sanctum
09:43 Workshop
09:43 Workshop
09:46 Workshop
09:48 Workshop
09:50 Workshop
10:09 Farm
10:17 Arcane Sanctum
11:54 Arcane Tower
11:54 Guard Tower
13:48 Gryphon Aviary
13:51 Gryphon Aviary
13:51 Gryphon Aviary
15:29 Farm
18:47 Farm
20:10 Barracks
22:08 Town Hall
22:10 Scout Tower
22:11 Scout Tower
22:12 Scout Tower
22:13 Scout Tower
22:13 Scout Tower
22:14 Scout Tower
22:15 Scout Tower
22:15 Scout Tower
22:16 Scout Tower
22:17 Scout Tower
22:18 Scout Tower
22:18 Scout Tower
22:18 Scout Tower
22:56 Arcane Vault
24:35 Arcane Tower
24:36 Arcane Tower
24:37 Guard Tower
29:20 Town Hall
29:24 Scout Tower
29:24 Scout Tower
29:24 Scout Tower
29:25 Scout Tower
29:25 Scout Tower
29:26 Scout Tower
29:26 Scout Tower
29:27 Scout Tower
29:27 Scout Tower
29:27 Scout Tower
30:01 Guard Tower
30:33 Arcane Tower
30:35 Scout Tower
30:37 Guard Tower
31:42 Guard Tower
31:43 Scout Tower
31:43 Scout Tower
31:45 Scout Tower
34:12 Lumber Mill
37:39 Town Hall
» items
| Scroll of Regeneration | 9 | |
| Mechanical Critter | 4 | |
| Lesser Clarity Potion | 5 | |
| Scroll of Town Portal | 7 | |
| Potion of Healing | 6 | |
| Staff of Sanctuary | 2 | |
| Potion of Mana | 2 | |
| Scroll of Healing | 1 | |
| Boots of Speed | 3 | |
| Periapt of Vitality | 2 | |
| Staff of Teleportation | 1 | |
42 total
team 2 (loser)

»
surveysezyaded (
red | 42 APM | 1772 actions | 42:31)
5 Archmage
3 Summon Water Elemental
2 Blizzard
4 Paladin
2 Holy Light
2 Devotion Aura
» actions
| Basic commands | 90 | |
| Build / train | 144 | |
| Enter build submenu | 71 | |
| Enter hero's abilities submenu | 9 | |
| Give item / drop item | 1 | |
| Remove unit from queue | 9 | |
| Right click | 792 | |
| Select / deselect | 532 | |
| Use ability | 124 | |
1772 total
» units
| Peasant | 52 | |
| Footman | 1 | |
| Rifleman | 19 | |
| Goblin Zeppelin | 1 | |
| Gryphon Rider | 10 | |
83 total
» upgrades
| Armor | 1 | |
| Gunpowder | 1 | |
| Lumber Harvesting | 1 | |
| Storm Hammers | 1 | |
4 total
» buildings
| Altar of Kings | 3 | |
| Farm | 21 | |
| Barracks | 2 | |
| Arcane Vault | 3 | |
| Lumber Mill | 2 | |
| Blacksmith | 2 | |
| Town Hall | 4 | |
| Keep | 4 | |
| Scout Tower | 22 | |
| Guard Tower | 22 | |
| Arcane Sanctum | 1 | |
| Gryphon Aviary | 1 | |
| Castle | 1 | |
| Arcane Tower | 2 | |
90 total
» build order
00:04 Altar of Kings
00:36 Farm
00:59 Barracks
01:27 Arcane Vault
01:35 Farm
02:13 Lumber Mill
02:18 Blacksmith
02:42 Farm
03:40 Farm
04:49 Town Hall
05:51 Keep
05:52 Keep
07:48 Farm
07:51 Farm
07:55 Scout Tower
07:57 Scout Tower
08:28 Scout Tower
08:37 Guard Tower
09:09 Guard Tower
09:25 Scout Tower
09:29 Scout Tower
09:34 Scout Tower
11:05 Guard Tower
11:12 Scout Tower
11:51 Guard Tower
13:03 Arcane Sanctum
13:13 Farm
13:17 Farm
13:21 Farm
16:20 Town Hall
17:49 Scout Tower
17:52 Scout Tower
18:21 Guard Tower
19:06 Guard Tower
19:06 Guard Tower
19:35 Scout Tower
19:42 Farm
19:52 Barracks
20:17 Lumber Mill
20:23 Scout Tower
20:55 Scout Tower
20:59 Guard Tower
21:04 Scout Tower
21:08 Scout Tower
21:24 Blacksmith
21:31 Farm
21:33 Guard Tower
21:47 Guard Tower
21:47 Guard Tower
21:52 Guard Tower
22:02 Farm
22:18 Scout Tower
23:01 Keep
23:01 Keep
23:25 Farm
24:10 Guard Tower
24:20 Scout Tower
24:32 Farm
25:49 Guard Tower
27:09 Arcane Vault
27:31 Gryphon Aviary
27:48 Farm
28:00 Scout Tower
28:14 Altar of Kings
28:23 Altar of Kings
29:24 Castle
29:28 Guard Tower
29:33 Scout Tower
30:00 Scout Tower
30:04 Arcane Tower
30:08 Scout Tower
30:33 Arcane Tower
30:36 Scout Tower
32:03 Guard Tower
33:38 Guard Tower
35:15 Farm
35:17 Farm
35:38 Town Hall
36:07 Farm
37:19 Farm
37:51 Town Hall
41:15 Scout Tower
41:23 Farm
41:43 Guard Tower
41:49 Arcane Vault
41:58 Farm
» items
| Lesser Clarity Potion | 1 | |
| Scroll of Regeneration | 1 | |
| Scroll of Town Portal | 3 | |
| Scroll of Healing | 1 | |
6 total
Chat log
(36:49 / All) NST.reltub: leave noob?
(36:50 / All) NST.reltub: lol
(38:40 / All) NST.reltub: amazing
(38:45 / All) NST.reltub: youre STILL massing rifles
(38:49 / All) NST.reltub: after its failed you
(39:00 / All) NST.reltub: and STILL no arcane sentry
(39:01 / All) NST.reltub: lol
(39:50 / All) NST.reltub: lol gryphs
(40:17 / All) NST.reltub: survey sez
(40:19 / All) NST.reltub: you suck
(40:21 / All) surveysezyaded: dont be mad that u hang out with jerry sandusky
(40:23 / All) NST.reltub: lmfao
(40:35 / All) NST.reltub: why are you still here kid
(40:46 / All) NST.reltub: i can end this any time i want
(40:48 / All) NST.reltub: just leave noob
(41:50 / All) NST.reltub: yawn
(42:27 / All) surveysezyaded: i was getting a blowjob by your mom the whole game
(42:28 / All) surveysezyaded: sorry
(42:29 / All) NST.reltub: lmfao